 Dungeon Crawl Stone Soup version 0.17.1-3-g152610e (webtiles) character file.

147837 ololoev the Fencer (level 16, -1/106 HPs)
             Began as a Mummy Chaos Knight on Apr 27, 2016.
             Slain by an entropy weaver (3 damage)
             ... on level 1 of the Spider Nest on Apr 28, 2016.
             The game lasted 02:20:47 (45471 turns).

ololoev the Fencer (Mummy Chaos Knight)            Turns: 45471, Time: 02:20:48

Health: -1/106     AC: -1    Str: 21    XL:     16   Next: 92%
Magic:  12/29      EV: 13    Int: 19    God:    Xom [..*...]
Gold:   4491       SH:  8    Dex: 16    Spells: 4 memorised, 15 levels left

rFire  + . .     SeeInvis .     a - +1 scimitar (flame)
rCold  + + .     Clarity  .     G - +0 fire dragon armour
rNeg   + + +     SustAt   .     C - +2 buckler {rC+} rPois āˆž
Gourm  .                        u - +1 hat {Int+3}
rElec  .         Spirit   .     j - +0 cloak
rCorr  .         Warding  .     F - +2 pair of gloves {Dex+3}
rMut   .         Stasis   .     o - +0 pair of boots
MR     ++...                    p - amulet of regeneration
Stlth  ..........               w - +3 ring of protection
                                y - ring "Vatwil" {rC+ Str+2 Int+3}

@: radiating poison, corroded equipment, very slightly contaminated, very
resistant to hostile enchantments, extremely unstealthy
A: no food or potions, fire vulnerability, cold resistance 1, negative energy
resistance 3, torment resistance, unbreathing, in touch with death 1, restore
body
a: Self-Restoration, Renounce Religion


Innate Abilities, Weirdness & Mutations

You do not eat or drink.
Your flesh is vulnerable to fire.
You are immune to poison.
Your flesh is cold resistant.
You are immune to negative energy.
You are immune to unholy pain and torment.
You can survive without breathing.
You are in touch with the powers of death.
You can restore your body by infusing magical energy.

Inventory:

Hand Weapons
 a - a +1 scimitar of flaming (weapon)
 b - a +0 blowgun
Missiles
 k - 43 poisoned needles
 t - a curare-tipped needle
Armour
 j - a +0 cloak (worn)
 o - a +0 pair of boots (worn)
 u - a +1 hat of intelligence (worn)
 C - a +2 buckler of cold resistance (worn)
 F - a +2 pair of gloves of dexterity (worn)
 G - a +0 fire dragon armour (worn)
Rods
 c - a +5 rod of inaccuracy (9/9)
   (Xom gifted it to you on level 2 of the Lair of Beasts)
Jewellery
 e - an uncursed ring of wizardry
 l - an uncursed ring of teleportation
 p - an amulet of regeneration (around neck)
 w - a +3 ring of protection (right hand)
 y - the ring "Vatwil" (left hand) {rC+ Str+2 Int+3}
   (Xom gifted it to you on level 3 of the Lair of Beasts)

   [ring of protection from cold]

   It affects your strength (+2).
   It affects your intelligence (+3).
   It protects you from cold.
Wands
 i - a wand of heal wounds (4)
 s - a wand of teleportation (4)
 A - a wand of hasting (4)
Scrolls
 d - 6 scrolls of immolation
 f - 5 scrolls of remove curse
 g - 12 scrolls of identify
 h - 4 scrolls of magic mapping
 m - 3 scrolls of fog
 n - 2 scrolls of enchant weapon
 q - 2 scrolls of teleportation
 v - 3 scrolls of amnesia
 z - a scroll of fear
Miscellaneous
 x - a lamp of fire


   Skills:
 - Level 3.7 Fighting
 + Level 15.1 Long Blades
 - Level 8.3 Throwing
 + Level 11.5 Armour
 + Level 5.6 Dodging
 * Level 5.9 Shields
 + Level 9.4 Spellcasting
 - Level 1.4 Conjurations
 - Level 1.7 Air Magic
 - Level 8.2 Poison Magic


You had 15 spell levels left.
You knew the following spells:

 Your Spells              Type           Power        Failure   Level  Hunger
a - Conjure Ball Lightni  Conj/Air       ###.......   100%        6    N/A
b - Olgreb's Toxic Radia  Pois           #####...     10%         4    N/A
c - Apportation           Tloc           #.........   24%         1    N/A
d - Orb of Destruction    Conj           ##........   100%        7    N/A


You were on level 1 of the Spider Nest.
You worshipped Xom.
You were a toy of Xom.
You were not hungry.

You visited 4 branches of the dungeon, and saw 28 of its levels.

You collected 6524 gold pieces.
You spent 2033 gold pieces at shops.

..####. #.
.#.#ā‰ˆ#..
...#.#. ..#..
..... ##
#..## #^.#pā€
.# ####..@s.#
#<#...##....#
#....# .#ā‰ˆ#
#...## #
##..# ####

Notes
Turn   | Place    | Note
--------------------------------------------------------------
     0 | D:1      | ololoev the Mummy Chaos Knight began the quest for the Orb.
     0 | D:1      | Reached XP level 1. HP: 18/18 MP: 1/1
    23 | D:1      | XOM: harmless Fire miscast
   108 | D:1      | Reached XP level 2. HP: 18/24 MP: 2/2
   224 | D:1      | XOM: harmless Tloc miscast
   304 | D:1      | XOM: harmless Ice miscast
   484 | D:2      | Found a stormy altar of Qazlal.
   496 | D:2      | Found a snail-covered altar of Cheibriados.
   697 | D:2      | Noticed Sigmund
   943 | D:2      | Reached XP level 3. HP: 29/29 MP: 3/3
  1283 | D:2      | Noticed Natasha
  1293 | D:2      | Killed Natasha
  1293 | D:2      | Reached XP level 4. HP: 35/35 MP: 4/4
  1435 | D:2      | XOM: divination: detect creatures
  1450 | D:2      | XOM: silly message
  1515 | D:2      | XOM: harmless Air miscast
  1525 | D:2      | XOM: cast spell 'Summon Butterflies'
  1642 | D:2      | XOM: divination: detect items
  1760 | D:2      | Reached skill level 4 in Long Blades
  1760 | D:2      | Reached XP level 5. HP: 14/41 MP: 5/5
  1760 | D:2      | XOM: god gift: scroll labeled NAUNNU KEUMU
  1782 | D:2      | XOM: god gift: 410 gold pieces
  2024 | D:3      | XOM: snakes to sticks
  2085 | D:3      | Found a shimmering altar of Xom.
  2101 | D:3      | XOM: fog
  2272 | D:3      | XOM: 1-stop teleportation journey
  2367 | D:3      | Reached XP level 6. HP: 47/47 MP: 6/6
  2397 | D:3      | XOM: god gift: 16 stones
  2566 | D:3      | Learned a level 5 spell: Phase Shift
  2691 | D:4      | Found Kouphoh's Antique Armour Emporium.
  2725 | D:4      | Noticed attackplan's ghost (novice HOFi)
  2734 | D:4      | XOM: summons 6 friendly demons
  2743 | D:4      | Killed attackplan's ghost
  2743 | D:4      | Reached skill level 5 in Long Blades
  2743 | D:4      | Reached skill level 1 in Throwing
  2761 | D:4      | Found a glowing golden altar of the Shining One.
  2765 | D:4      | Got a scorched large shield
  3016 | D:4      | Reached XP level 7. HP: 40/52 MP: 7/7
  3245 | D:4      | XOM: swap monsters
  3246 | D:4      | XOM: divination: detect creatures
  3290 | D:4      | XOM: harmless Air miscast
  3530 | D:4      | XOM: noise
  3565 | D:2      | Noticed Natasha
  3576 | D:2      | XOM: smoke on damage
  3579 | D:2      | XOM: swap monsters
  3581 | D:2      | Killed Natasha
  3601 | D:3      | XOM: harmless Ice miscast
  3934 | D:2      | Killed Sigmund
  3934 | D:2      | Reached skill level 6 in Long Blades
  3951 | D:2      | XOM: harmless Trmt miscast
  4010 | D:4      | XOM: harmless Divn miscast
  4020 | D:4      | XOM: potion effect (might)
  4029 | D:4      | XOM: confuse monster(s)
  4136 | D:3      | Reached XP level 8. HP: 54/58 MP: 8/8
  4298 | D:4      | XOM: silly message
  4340 | D:4      | XOM: smoke on damage
  4360 | D:4      | XOM: harmless Erth miscast
  4604 | D:4      | XOM: divination: detect items
  4828 | D:4      | Bought a twisted plate armour for 616 gold pieces
  4838 | D:4      | Identified the +2 plate armour of Burour {rCorr} (You bought it in a shop on level 4 of the Dungeon)
  4893 | D:4      | XOM: harmless Chrm miscast
  4957 | D:4      | Identified the +4 large shield of Aphuang {rElec rPois rCorr Int+3} (You found it on level 4 of the Dungeon)
  5013 | D:5      | Entered Level 5 of the Dungeon
  5050 | D:5      | XOM: confuse monster(s)
  5092 | D:5      | XOM: enchant monster (good)
  5102 | D:5      | Reached skill level 5 in Armour
  5250 | D:5      | Reached skill level 7 in Long Blades
  5322 | D:5      | XOM: confuse monster(s)
  5653 | D:5      | Noticed a troll
  5664 | D:5      | XOM: potion effect (curing)
  5686 | D:5      | XOM: summons friendly quasit
  6184 | D:5      | Noticed a polar bear
  6184 | D:5      | a troll changed into a polar bear
  6184 | D:5      | XOM: polymorph troll -> polar bear
  6196 | D:5      | XOM: god gift: greatsling {god gift}
  6208 | D:5      | XOM: mild Fire miscast
  6209 | D:5      | Killed a polar bear
  6209 | D:5      | Reached XP level 9. HP: 41/65 MP: 9/9
  6341 | D:5      | Found an iron altar of Okawaru.
  6409 | D:5      | XOM: summons 4 hostile shadow creatures
  6470 | D:4      | XOM: colour smoke trail
  6768 | D:6      | XOM: severe Trmt miscast
  6824 | D:6      | XOM: summons 2 hostile shadow creatures
  7238 | D:6      | Found a blossoming altar of Fedhas.
  7260 | D:6      | Reached skill level 8 in Long Blades
  7372 | D:6      | XOM: harmless Tloc miscast
  7483 | D:7      | Found an opulent altar of Gozag.
  7512 | D:7      | XOM: harmless Fire miscast
  7520 | D:7      | Found a staircase to the Ecumenical Temple.
  7600 | D:7      | XOM: cast spell 'Summon Hydra'
  7696 | D:7      | XOM: medium Fire miscast
  7782 | D:7      | Found a basalt altar of Yredelemnul.
  7900 | D:7      | XOM: colour smoke trail
  8122 | D:8      | XOM: colour smoke trail
  8143 | D:8      | Noticed ThereIsNoGod's ghost (novice OpAs)
  8159 | D:8      | XOM: confuse monster(s)
  8189 | D:8      | XOM: polymorph orc -> giant newt
  8200 | D:8      | Killed ThereIsNoGod's ghost
  8284 | D:8      | Noticed Erolcha
  8307 | D:8      | Killed Erolcha
  8307 | D:8      | Reached skill level 9 in Long Blades
  8307 | D:8      | Reached skill level 5 in Throwing
  8307 | D:8      | Reached XP level 10. HP: 50/71 MP: 10/10
  8474 | D:8      | XOM: god gift: inky potion
  8519 | D:8      | XOM: silly message
  8554 | D:8      | Found a radiant altar of Vehumet.
  8570 | D:8      | Noticed Gastronok
  8589 | D:8      | XOM: chaos upgrade
  8626 | D:8      | XOM: enchant monster (bad)
  8657 | D:8      | XOM: 1-stop teleportation journey
  8709 | D:8      | XOM: summons 5 hostile demons
  8853 | D:8      | XOM: silly message
  8854 | D:8      | Killed Gastronok
  9254 | D:9      | XOM: mild Divn miscast
  9553 | D:9      | Reached skill level 10 in Long Blades
  9590 | D:9      | Learned a level 6 spell: Conjure Ball Lightning
  9796 | D:9      | Got a polished ring mail
  9807 | D:9      | Identified the cursed +0 ring mail "Sabik" {Str+5 Dex-3 SInv} (You found it on level 9 of the Dungeon)
  9835 | D:9      | XOM: silly message
  9852 | D:9      | Noticed Erica
  9852 | D:9      | XOM: potion effect (haste)
  9993 | D:8      | XOM: divination: detect creatures
  9999 | D:8      | XOM: harmless Ice miscast
 10179 | D:8      | XOM: noise
 10262 | D:9      | Found a staircase to the Orcish Mines.
 10770 | D:9      | XOM: potion effect (agility)
 10788 | D:9      | XOM: smoke on damage
 10789 | D:9      | XOM: divination: detect items
 11170 | D:9      | XOM: divination: magic mapping
 11680 | D:9      | XOM: harmless Pois miscast
 11830 | D:9      | XOM: noise
 11840 | D:9      | Reached XP level 11. HP: 76/76 MP: 11/11
 11900 | D:9      | XOM: potion effect (invisibility)
 12491 | D:9      | XOM: potion effect (brilliance)
 12618 | D:9      | XOM: potion effect (might)
 12620 | D:9      | XOM: potion effect (brilliance)
 12622 | D:9      | XOM: potion effect (haste)
 12627 | D:9      | Killed Erica
 12678 | D:10     | Entered Level 10 of the Dungeon
 12682 | D:10     | XOM: silly message
 13030 | D:10     | XOM: harmless Pois miscast
 13036 | D:10     | XOM: cast spell 'Discord'
 13046 | D:10     | XOM: butterfly on damage
 13054 | D:10     | XOM: potion effect (invisibility)
 13441 | D:10     | XOM: 1-stop teleportation journey
 13463 | D:10     | Noticed a hill giant
 13481 | D:10     | XOM: enchant monster (good)
 13499 | D:10     | XOM: confuse monster(s)
 13503 | D:10     | Killed a hill giant
 13651 | D:10     | XOM: mild Ice miscast
 13677 | D:10     | Reached skill level 11 in Long Blades
 13708 | D:10     | XOM: vitrification
 13979 | D:10     | Noticed a hill giant
 14000 | D:10     | XOM: summons 11 friendly demons
 14012 | D:10     | Killed a hill giant
 14233 | D:10     | Got a slimy chain mail
 14249 | D:10     | Identified the +7 chain mail "Veuzoh" {rF+} (You found it on level 10 of the Dungeon)
 14304 | D:10     | XOM: silly message
 14489 | D:10     | XOM: cast spell 'Cause Fear'
 14533 | D:10     | XOM: mild Hex miscast
 14781 | D:10     | XOM: fog
 15014 | D:10     | XOM is BORED!
 15014 | D:10     | XOM: mild Summ miscast
 15257 | D:10     | XOM: confuse monster(s)
 15628 | D:10     | XOM: vitrification
 15697 | D:11     | Noticed Nergalle
 15710 | D:11     | XOM: cast spell 'Call Canine Familiar'
 15728 | D:11     | XOM: confuse monster(s)
 15767 | D:11     | Killed Nergalle
 15950 | D:11     | XOM: summons 4 hostile demons
 16137 | D:11     | Killed an unseen horror
 16293 | D:11     | Noticed Grum
 16315 | D:11     | XOM: confuse monster(s)
 16320 | D:11     | Killed Grum
 16537 | D:11     | XOM: 1-stop teleportation journey
 16538 | D:11     | Noticed Josephine
 16612 | D:11     | Found a staircase to the Lair.
 16711 | D:11     | XOM: cast spell 'Olgreb's Toxic Radiance'
 17104 | D:11     | XOM: cast spell 'Metabolic Englaciation'
 17171 | D:11     | Reached XP level 12. HP: 79/83 MP: 12/12
 17194 | D:11     | Noticed a centaur warrior
 17312 | D:12     | XOM: divination: detect items
 17318 | D:12     | Reached skill level 12 in Long Blades
 17322 | D:12     | Noticed Urug
 17531 | D:12     | XOM: potion effect (curing)
 17545 | D:12     | XOM: enchant monster (good)
 17609 | D:11     | XOM: divination: magic mapping
 17872 | D:11     | XOM: destruction
 17875 | D:11     | Reached skill level 1 in Dodging
 17934 | D:11     | XOM: summons 4 friendly demons
 17941 | D:11     | XOM: potion effect (haste)
 17948 | D:11     | XOM: god gift: 3170 gold pieces
 17955 | D:11     | Killed Josephine
 18214 | D:11     | XOM: polymorph something unseen -> octopode
 18249 | D:11     | Killed a centaur warrior
 18249 | D:11     | Reached skill level 1 in Spellcasting
 18249 | D:11     | Reached skill level 1 in Conjurations
 18249 | D:11     | Reached skill level 1 in Air Magic
 18311 | D:11     | Noticed an obsidian statue
 18405 | D:11     | XOM: destruction
 18440 | D:11     | XOM: vitrification
 18494 | D:11     | XOM: god gift: box of beasts
 18516 | D:11     | XOM: summons 2 friendly demons
 18527 | D:11     | XOM: enchant monster (good)
 18724 | Orc:1    | Entered Level 1 of the Orcish Mines
 18771 | Orc:1    | Found Geycunol's Jewellery Emporium.
 18848 | Orc:1    | You fall through a shaft!
 18855 | Orc:2    | Noticed Sonja
 18855 | Orc:2    | XOM: swap monsters
 18858 | Orc:2    | XOM: destruction
 18863 | Orc:2    | XOM: summons 4 friendly demons
 18873 | Orc:2    | XOM: 7-stop teleportation journey
 18902 | Orc:2    | XOM: enchant monster (good)
 18941 | Orc:2    | XOM: swap monsters
 18942 | Orc:2    | XOM: summons 2 friendly demons
 19001 | Orc:2    | Killed Sonja
 19026 | Orc:2    | XOM: polymorph orc -> giant cockroach
 19155 | Orc:2    | XOM: summons 6 hostile demons
 19165 | Orc:2    | XOM: harmless Summ miscast
 19190 | Orc:1    | XOM: harmless Fire miscast
 19339 | Orc:1    | XOM: 3-stop teleportation journey
 19560 | Orc:1    | Found Laitet's Book Emporium.
 19587 | Orc:1    | Bought a Young Poisoner's Handbook for 600 gold pieces
 19592 | Orc:1    | Learned a level 4 spell: Olgreb's Toxic Radiance
 20043 | Orc:2    | XOM: chaos upgrade
 20125 | Orc:2    | XOM: mild Air miscast
 20267 | Orc:1    | XOM: harmless Air miscast
 20364 | Lair:1   | Entered Level 1 of the Lair of Beasts
 20459 | Lair:1   | Reached skill level 1 in Poison Magic
 20764 | Lair:1   | XOM: 1-stop teleportation journey
 20786 | Lair:1   | XOM: enchant monster (good)
 20906 | Lair:1   | XOM: summons 1 hostile demon
 20929 | Lair:1   | XOM: stat loss: -1 Int (14/15)
 21020 | Lair:1   | XOM: enchant monster (good)
 21167 | Lair:1   | XOM: colour smoke trail
 21171 | Lair:1   | XOM: 8-stop teleportation journey
 21242 | Lair:1   | XOM: mild Erth miscast
 21311 | Lair:1   | XOM: summons 5 hostile shadow creatures
 21312 | Lair:1   | Noticed a five-headed hydra
 21328 | Lair:1   | XOM: harmless Necr miscast
 21499 | Lair:1   | XOM: mild Conj miscast
 21660 | Lair:2   | XOM: 3-stop teleportation journey
 21794 | Lair:2   | XOM: harmless Hex miscast
 21799 | Lair:2   | XOM: summons 3 hostile shadow creatures
 21839 | Lair:2   | XOM: stat loss: -1 Int (14/15)
 22137 | Lair:2   | XOM: blink monster(s)
 22194 | Lair:2   | XOM: severe Hex miscast
 22209 | Lair:2   | XOM: 7-stop teleportation journey
 22293 | Lair:2   | XOM: noise
 22490 | Lair:2   | XOM: confuse monster(s)
 22512 | Lair:2   | XOM: summons friendly sixfirhy
 22608 | Lair:2   | XOM: god gift: weird jewelled rod {god gift}
 22610 | Lair:2   | Identified a +5 rod of inaccuracy (9/9) (Xom gifted it to you on level 2 of the Lair of Beasts)
 22798 | Lair:2   | XOM: vitrification
 22816 | Lair:2   | XOM is BORED!
 22816 | Lair:2   | XOM: medium Divn miscast
 22899 | Lair:3   | XOM: polymorph yak -> spriggan
 22904 | Lair:3   | XOM: potion effect (brilliance)
 23104 | Lair:3   | XOM: mild Divn miscast
 23175 | Lair:3   | Gained mutation: You are in touch with the powers of death. [Mummy growth]
 23175 | Lair:3   | Gained mutation: You can restore your body by infusing magical energy. [Mummy growth]
 23175 | Lair:3   | Reached XP level 13. HP: 82/88 MP: 17/17
 23185 | Lair:3   | XOM: potion effect (haste)
 23276 | Lair:3   | XOM: confuse monster(s)
 23279 | Lair:3   | XOM: destruction
 23326 | Lair:3   | XOM: potion effect (curing)
 23339 | Lair:3   | XOM: enchant monster (good)
 23475 | Lair:3   | XOM: swap monsters
 23523 | Lair:3   | XOM: divination: detect items
 23555 | Lair:3   | XOM: enchant monster (good)
 23772 | Lair:3   | XOM: summons 3 friendly demons
 23868 | Lair:3   | XOM: vitrification
 23948 | Lair:3   | XOM: god gift: transparent amber ring {god gift}
 23949 | Lair:3   | Got a transparent amber ring {god gift}
 23950 | Lair:3   | Identified the ring "Vatwil" {rC+ Str+2 Int+3} (Xom gifted it to you on level 3 of the Lair of Beasts)
 23973 | Lair:3   | XOM: confuse monster(s)
 24103 | Lair:3   | XOM: god gift: 45 gold pieces
 24225 | Lair:3   | XOM: god gift: scroll of fog
 24289 | Lair:3   | XOM: swap monsters
 24294 | Lair:3   | XOM: summons 13 friendly demons
 24347 | Lair:3   | Reached skill level 13 in Long Blades
 25117 | Lair:4   | XOM: mild Hex miscast
 25292 | Lair:4   | XOM: god gift: glowing robe {god gift}
 25307 | Lair:4   | Found a staircase to the Swamp.
 25600 | Lair:4   | XOM: summons 3 friendly demons
 25661 | Lair:4   | Learned a level 1 spell: Apportation
 25884 | Lair:4   | XOM: divination: magic mapping
 25949 | Lair:4   | XOM: vitrification
 26390 | Lair:5   | XOM: god gift: shiny gold wand {god gift}
 26406 | Lair:5   | XOM: fog
 26609 | Lair:5   | XOM: divination: detect items
 26613 | Lair:5   | XOM: divination: magic mapping
 26674 | Lair:5   | XOM: colour smoke trail
 26730 | Lair:5   | Reached skill level 5 in Poison Magic
 26814 | Lair:5   | XOM is BORED!
 26814 | Lair:5   | XOM: noise
 26902 | Lair:5   | XOM: swap monsters
 26904 | Lair:5   | XOM: god gift: wand of slowing {god gift}
 26908 | Lair:5   | XOM: summons 1 hostile demon
 26936 | Lair:5   | XOM: summons friendly shadow imp
 26970 | Lair:5   | XOM: confuse monster(s)
 26972 | Lair:5   | XOM: summons friendly white imp
 26986 | Lair:4   | XOM: divination: detect creatures
 27001 | Lair:4   | XOM: polymorph death yak -> death yak
 27018 | Lair:4   | XOM: fog
 27072 | Lair:4   | XOM: enchant monster (good)
 27089 | Lair:4   | XOM: potion effect (invisibility)
 27463 | Lair:4   | XOM: potion effect (might)
 27464 | Lair:4   | XOM: noise
 27567 | Lair:4   | XOM: harmless Tloc miscast
 27832 | Lair:5   | XOM: harmless Ice miscast
 27871 | Lair:5   | XOM: summons friendly quasit
 27879 | Lair:5   | XOM: vitrification
 28280 | Lair:5   | XOM: cast spell 'Dispersal'
 28281 | Lair:5   | XOM: enchant monster (bad)
 28289 | Lair:5   | XOM: noise
 28530 | Lair:5   | XOM: god gift: scroll of random uselessness
 28629 | Lair:5   | XOM: harmless Trmt miscast
 28646 | Lair:5   | Reached skill level 10 in Armour
 28649 | Lair:5   | XOM: summons 2 friendly demons
 28946 | Lair:5   | XOM: enchant monster (good)
 28998 | Lair:5   | XOM: mild Summ miscast
 29101 | Lair:5   | XOM is BORED!
 29101 | Lair:5   | XOM: noise
 29570 | Lair:5   | XOM: colour smoke trail
 29615 | Lair:6   | XOM: 2-stop teleportation journey
 29673 | Lair:6   | XOM: polymorph blink frog -> orb spider
 30017 | Lair:6   | XOM: colour smoke trail
 30056 | Lair:6   | XOM: enchant monster (bad)
 30076 | Lair:6   | Reached XP level 14. HP: 55/94 MP: 21/21
 30261 | Lair:6   | Found a hole to the Spider Nest.
 30338 | Lair:6   | XOM: 1-stop teleportation journey
 30489 | Lair:6   | Reached skill level 5 in Spellcasting
 30503 | Lair:6   | XOM: noise
 30523 | Lair:6   | XOM: mild Pois miscast
 30610 | Lair:6   | XOM is BORED!
 30610 | Lair:6   | XOM: summons 2 hostile demons
 30618 | Lair:6   | XOM: harmless Chrm miscast
 30625 | Lair:6   | XOM: silly message
 30649 | Lair:6   | XOM: 2-stop teleportation journey
 30653 | Lair:6   | XOM: noise
 30668 | Lair:6   | XOM: enchant monster (good)
 30680 | Lair:6   | XOM: enchant monster (good)
 30681 | Lair:6   | XOM: divination: detect creatures
 30722 | Lair:6   | XOM: confuse monster(s)
 30856 | Lair:6   | XOM: potion effect (heal wounds)
 31213 | Lair:6   | XOM: summons friendly shadow imp
 31220 | Lair:6   | XOM: swap monsters
 31243 | Lair:6   | XOM: confuse monster(s)
 31395 | Lair:6   | XOM: cast spell 'Summon Butterflies'
 31677 | Lair:6   | XOM: potion effect (invisibility)
 31776 | Lair:7   | XOM: cast spell 'Summon Small Mammal'
 31915 | Lair:7   | Got a heavily runed leather armour
 31926 | Lair:7   | Identified the +1 leather armour "Fuunad" {rPois SInv} (You found it on level 7 of the Lair of Beasts)
 31948 | Lair:7   | XOM: confusion (+ monsters)
 31958 | Lair:7   | XOM: destruction
 31978 | Lair:7   | XOM: noise
 31986 | Lair:7   | XOM: chaos cloud
 32010 | Lair:7   | XOM: fog
 32044 | Lair:7   | Found a viscous altar of Jiyva.
 32044 | Lair:7   | Found a staircase to the Slime Pits.
 32044 | Lair:7   | XOM: 9-stop teleportation journey
 32175 | Lair:6   | XOM: destruction
 32178 | Lair:6   | XOM: god gift: wand of frost {god gift}
 32243 | Lair:6   | XOM: summons friendly ufetubus
 32292 | Lair:7   | XOM: divination: detect items
 32328 | Lair:7   | Reached skill level 14 in Long Blades
 32370 | Lair:7   | XOM: potion effect (might)
 32380 | Lair:7   | XOM: potion effect (agility)
 32401 | Lair:6   | XOM: harmless Conj miscast
 32403 | Lair:6   | XOM: potion effect (experience)
 32403 | Lair:6   | Reached XP level 15. HP: 56/99 MP: 22/25
 32543 | Lair:7   | XOM: potion effect (agility)
 32709 | Lair:6   | XOM: silly message
 32718 | Lair:6   | XOM: harmless Fire miscast
 32735 | Lair:6   | XOM: enchant monster (good)
 32833 | Lair:7   | XOM: cast spell 'Conjure Ball Lightning'
 32916 | Lair:7   | XOM: medium Erth miscast
 33001 | Lair:7   | Learned a level 7 spell: Orb of Destruction
 33064 | Lair:7   | XOM: vitrification
 33162 | Lair:7   | XOM: medium Fire miscast
 33245 | Lair:7   | XOM: medium Pois miscast
 33353 | Lair:8   | XOM: noise
 33353 | Lair:8   | Entered Level 8 of the Lair of Beasts
 33511 | Lair:8   | Noticed MirrMurr's ghost (journeyman MiBe)
 33518 | Lair:7   | XOM: polymorph sheep -> ooze
 33527 | Lair:7   | XOM: harmless Chrm miscast
 33620 | Lair:7   | XOM: harmless Hex miscast
 33685 | Lair:8   | XOM: destruction
 33701 | Lair:8   | XOM: swap monsters
 33858 | Lair:8   | XOM: snakes to sticks
 33861 | Lair:8   | XOM: summons friendly iron imp
 34250 | Lair:8   | XOM: vitrification
 34270 | Lair:8   | XOM: enchant monster (good)
 34285 | Lair:8   | XOM: 6-stop teleportation journey
 34896 | Orc:3    | Found Urotzefim's Antique Weapon Emporium.
 35464 | Orc:4    | Entered Level 4 of the Orcish Mines
 35464 | Orc:4    | Noticed Snorg
 35482 | Orc:4    | Killed Snorg
 35493 | Orc:4    | Noticed Nessos
 35512 | Orc:4    | Killed Nessos
 35643 | Orc:4    | Found a staircase to the Elven Halls.
 35774 | Orc:4    | XOM: 3-stop teleportation journey
 35954 | Orc:4    | Found a roughly hewn altar of Beogh.
 35963 | Orc:4    | Found Gagap's Gadget Emporium.
 36354 | Orc:4    | Found a roughly hewn altar of Beogh.
 36421 | Orc:4    | Found a roughly hewn altar of Beogh.
 36506 | Orc:4    | XOM: 6-stop teleportation journey
 36624 | Orc:4    | Noticed Rupert
 36665 | Orc:4    | XOM: vitrification
 36773 | Orc:4    | XOM: potion effect (agility)
 37060 | Orc:4    | XOM: harmless Ice miscast
 37070 | Orc:4    | XOM: enchant monster (bad)
 37106 | Orc:4    | XOM: cast spell 'Summon Ice Beast'
 37350 | Orc:4    | Found Usavawk's Antique Armour Boutique.
 37351 | Orc:4    | Found a roughly hewn altar of Beogh.
 37353 | Orc:4    | Found Kurar's Antique Weapon Shop.
 37364 | Orc:4    | Bought a shiny buckler for 117 gold pieces
 37449 | Orc:4    | XOM: fake destruction
 37460 | Orc:4    | Killed Rupert
 37575 | Orc:4    | Found a roughly hewn altar of Beogh.
 37586 | Orc:4    | Reached skill level 1 in Shields
 37597 | Orc:4    | Found Hulokiyl's Distillery.
 37905 | D:12     | Noticed a four-headed hydra
 37906 | D:12     | XOM: summons 1 hostile demon
 37910 | D:12     | XOM: potion effect (invisibility)
 37912 | D:12     | Killed a one-headed hydra
 37922 | D:12     | XOM: potion effect (magic)
 37936 | D:12     | Killed Urug
 38023 | D:11     | XOM: harmless Erth miscast
 38095 | D:12     | Found a burning altar of Makhleb.
 38119 | D:12     | XOM: harmless Divn miscast
 38203 | D:12     | XOM: mild Necr miscast
 38461 | D:12     | XOM: harmless Pois miscast
 38682 | D:13     | XOM: silly message
 38691 | D:13     | XOM: polymorph cyclops -> glowing shapeshifter
 38705 | D:13     | Reached XP level 16. HP: 79/106 MP: 6/28
 38787 | D:13     | XOM: silly message
 39109 | D:13     | XOM: mild Ice miscast
 39203 | D:13     | Found a burning altar of Makhleb.
 39407 | D:13     | XOM: silly message
 39551 | D:13     | XOM: colour smoke trail
 39679 | D:13     | XOM: colour smoke trail
 39682 | D:14     | Found a gate to the Vaults.
 39682 | D:14     | Noticed Donald
 39682 | D:14     | Noticed Norris
 40266 | D:14     | XOM: divination: detect items
 40274 | D:14     | XOM: summons friendly quasit
 40395 | D:14     | Found Lucaciq's Food Shoppe.
 40467 | D:14     | XOM: blink monster(s)
 40490 | D:14     | XOM: blink monster(s)
 40494 | D:14     | XOM: enchant monster (bad)
 40533 | D:14     | XOM: blink monster(s)
 40568 | D:14     | XOM: 5-stop teleportation journey
 40586 | D:14     | XOM: 3-stop teleportation journey
 40912 | Orc:4    | Bought a phantom mirror for 300 gold pieces
 40912 | Orc:4    | Bought a lamp of fire for 400 gold pieces
 41022 | Orc:1    | XOM: mild Divn miscast
 41213 | D:14     | XOM: confusion
 41316 | D:14     | XOM: colour smoke trail
 41333 | D:14     | XOM: 4-stop teleportation journey
 41473 | D:14     | XOM: god gift: bread ration
 41761 | D:14     | XOM: vitrification
 41765 | D:14     | XOM: enchant monster (good)
 41780 | D:14     | XOM: divine lightning
 41807 | D:14     | Got a twisted ring mail
 41822 | D:13     | Identified the +1 ring mail of the Beginning {+Blink} (You took it off a human on level 14 of the Dungeon)
 41951 | D:14     | Noticed Norris
 41951 | D:14     | Norris changed into Norris the titan
 41951 | D:14     | XOM: polymorph Norris -> Norris the titan
 41954 | D:14     | XOM: confuse monster(s)
 41968 | D:14     | XOM: butterfly on damage
 41969 | D:14     | XOM: divine lightning (protected)
 41994 | D:14     | Killed Norris the titan
 42088 | D:14     | XOM: fog
 42091 | D:14     | Noticed Donald
 42091 | D:14     | Donald changed into Donald the minotaur
 42091 | D:14     | XOM: polymorph Donald -> Donald the minotaur
 42098 | D:14     | XOM: smoke on damage
 42103 | D:14     | Killed Donald the minotaur
 42343 | D:14     | XOM: cast spell 'Death Channel'
 42468 | D:14     | XOM: god gift: potion of berserk rage
 42595 | D:15     | Entered Level 15 of the Dungeon
 42600 | D:15     | XOM: harmless Conj miscast
 42605 | D:15     | Noticed Psyche
 42605 | D:15     | XOM: potion effect (curing)
 42617 | D:14     | Killed Psyche
 42678 | D:15     | Reached skill level 5 in Dodging
 42699 | D:15     | XOM: fog
 43010 | D:15     | XOM: polymorph catoblepas -> alligator snapping turtle
 43012 | D:15     | XOM: polymorph alligator snapping turtle -> shadow dragon
 43021 | D:15     | XOM: 3-stop teleportation journey
 43025 | D:15     | XOM: chaos cloud
 43050 | D:15     | XOM: harmless Necr miscast
 43082 | D:15     | XOM: smoke on damage
 43209 | D:15     | XOM is BORED!
 43209 | D:15     | XOM: mild Divn miscast
 43223 | D:15     | XOM: noise
 43283 | D:14     | Reached skill level 15 in Long Blades
 43283 | D:14     | Reached skill level 5 in Shields
 43294 | D:14     | XOM: noise
 43367 | D:15     | Found a staircase to the Depths.
 43367 | D:15     | XOM: 1-stop teleportation journey
 43368 | D:15     | XOM: summons 7 hostile demons
 43376 | D:15     | XOM: chaos cloud
 43402 | D:15     | XOM: polymorph fire giant -> shadow dragon
 43406 | D:15     | XOM: summons 8 hostile demons
 43422 | D:15     | XOM: 3-stop teleportation journey
 43436 | D:15     | XOM: enchant monster (bad)
 43580 | D:15     | XOM: harmless Hex miscast
 43646 | D:15     | XOM: summons 5 hostile shadow creatures
 43752 | D:15     | XOM: harmless Ice miscast
 44008 | D:15     | XOM: destruction
 44068 | D:15     | XOM: mild Air miscast
 44137 | D:15     | XOM: 2-stop teleportation journey
 44142 | D:15     | XOM: enchant monster (bad)
 44152 | D:15     | XOM: harmless Trmt miscast
 44163 | D:15     | XOM: enchant monster (bad)
 44169 | D:15     | XOM: fake destruction
 44170 | D:15     | XOM: blink monster(s)
 44171 | D:15     | XOM: confuse monster(s)
 44184 | D:15     | XOM: enchant monster (good)
 44187 | D:15     | XOM: blink monster(s)
 44361 | D:15     | XOM: silly message
 44531 | D:15     | XOM: summons 2 hostile shadow creatures
 44595 | D:15     | XOM: colour smoke trail
 44689 | D:15     | XOM: medium Ice miscast
 44906 | D:15     | XOM: medium Tloc miscast
 44953 | D:15     | XOM: harmless Erth miscast
 45159 | D:15     | XOM: enchant monster (good)
 45454 | Spider:1 | Entered Level 1 of the Spider Nest
 45458 | Spider:1 | XOM: cast spell 'Blink'
 45471 | Spider:1 | HP: 2/106 [entropy weaver (5)]
 45471 | Spider:1 | Slain by an entropy weaver

Dungeon Overview and Level Annotations

Branches:
Dungeon (15/15)            Temple (0/1) D:7            Lair (8/8) D:11
  Swamp (0/4) Lair:4       Spider (1/4) Lair:6        Slime (0/6) Lair:7
    Orc (4/4) D:9             Elf (0/3) Orc:4        Vaults (0/5) D:14
 Depths (0/5) D:15

Altars:
Cheibriados
Fedhas
Gozag
Makhleb
Okawaru
Qazlal
Vehumet
Xom
Yredelemnul
The Shining One
Beogh
Jiyva

Shops:
D:4 [   D:14 %   Orc:1 :=   Orc:3 (   Orc:4 [!(}

Annotations:
D:11 exclusion: obsidian statue
Lair:8 MirrMurr's ghost, journeyman MiBe
Orc:2 exclusion: oklob plant


Message History

The entropy weaver is moderately wounded.
The entropy weaver looks even sicker.
You closely miss the entropy weaver.
The entropy weaver is moderately wounded.
The entropy weaver looks even sicker.
The jumping spider is poisoned.
The entropy weaver hits you! x2
The entropy weaver hits you. The entropy weaver barely misses you.
You hit the entropy weaver but do no damage.
The entropy weaver is moderately wounded.
The entropy weaver looks even sicker.
You slash the entropy weaver! You burn the entropy weaver.
The entropy weaver is heavily wounded.
The entropy weaver hits you but does no damage. x2
The entropy weaver hits you. x2
The jumping spider pounces on you.
You are caught in a web!
The jumping spider bites you.
Unknown command.
The web tears apart.
The jumping spider looks even sicker.
The jumping spider pounces on you!
You are caught in a web!
The jumping spider bites you but does no damage.
The entropy weaver begins to chant a word of entropy!
The jumping spider leaps!
Unknown command.
You struggle to detach yourself from the web.
Unknown command.
You struggle to detach yourself from the web.
You disentangle yourself.
The entropy weaver screams the final syllables of the word of entropy!
The word of entropy corrodes you!
You hear an angry hiss.
You closely miss the entropy weaver.
The entropy weaver is almost dead.
You block the entropy weaver's attack. The entropy weaver hits you!
The entropy weaver hits you! x2
You hit the entropy weaver but do no damage.
The entropy weaver is almost dead.
The jumping spider looks even sicker.
The jumping spider barely misses you. The jumping spider bites you!
The entropy weaver hits you. The entropy weaver hits you.
You die...

You could see an entropy weaver and a jumping spider.

Vanquished Creatures
  Rupert (Orc:4)
  A titan (shapeshifter) (D:14)
  Gastronok (D:8)
  2 shadow dragons
  An orc warlord (Orc:4)
  Nessos (Orc:4)
  Snorg (Orc:4)
  2 ogre magi
  A fire dragon (D:14)
  Josephine (D:11)
  A minotaur (D:14)
  4 hydras
  Erolcha (D:8)
  A catoblepas (Lair:5)
  Erica (D:9)
  4 centaur warriors
  10 death yaks
  2 orc high priests (Orc:4)
  Urug (D:12)
  The ghost of ThereIsNoGod the Covert, a novice OpAs (D:8)
  Sonja (Orc:2)
  Nergalle (D:11)
  5 unseen horrors
  An orb spider (shapeshifter) (D:14)
  An orc knight (Orc:4)
  2 orc sorcerers (Orc:4)
  An orb spider (Lair:6)
  6 hill giants
  A wolf spider (shapeshifter) (Lair:6)
  A shining eye (shapeshifter) (D:13)
  A necromancer (Lair:7)
  8 elephants
  5 black mambas
  37 ugly things
  An octopode (D:11)
  8 spiny frogs
  A torpor snail (Lair:4)
  Psyche (D:14)
  2 gargoyles
  8 komodo dragons
  7 fire drakes
  2 tengu conjurers (D:15)
  A polar bear (D:5)
  10 trolls
  A merfolk (D:11)
  4 two-headed ogres
  2 jumping spiders
  25 blink frogs
  A trapdoor spider (D:8)
  A shadow (D:13)
  A wasp (D:5)
  A redback (Spider:1)
  Sigmund (D:2)
  A tarantella (Spider:1)
  A spriggan (Lair:3)
  5 vampire mosquitoes
  2 deep elf magi
  A deep elf fighter (Orc:4)
  3 wyverns
  A steam dragon (D:13)
  4 hungry ghosts
  5 wraiths
  64 yaks
  16 humans
  Grum (D:11)
  5 basilisks
  2 mottled dragons
  8 wolves
  9 hippogriffs
  A warg (Orc:4)
  4 insubstantial wisps
  A soldier ant (shapeshifter) (Lair:6)
  A soldier ant (D:14)
  24 water moccasins
  9 porcupines
  A swamp drake (Lair:5)
  29 orc warriors
  A black bear (D:6)
  2 phantoms
  3 eyes of draining
  22 centaurs
  3 ice beasts
  7 sky beasts
  24 ogres
  2 crocodiles (shapeshifter)
  16 crocodiles
  2 gnoll sergeants
  4 big kobolds
  17 giant frogs
  A brain worm (shapeshifter) (Lair:7)
  A wyvern zombie (D:15)
  18 killer bees
  3 scorpions
  A wyvern skeleton (D:15)
  6 wights
  4 centaur zombies
  A jelly (shapeshifter) (Lair:7)
  5 crimson imps
  28 orc priests
  7 jellies
  4 centaur skeletons
  12 iguanas
  2 giant frog skeletons
  14 hounds
  37 orc wizards
  4 polar bear simulacra (Lair:7)
  Natasha (twice) (D:2)
  7 worker ants
  A wolf simulacrum (Lair:7)
  5 yak simulacra (Lair:7)
  A hound zombie (D:8)
  2 hound skeletons
  68 river rats
  14 adders
  14 gnolls
  7 shadow imps
  A worker ant zombie (D:7)
  A giant eyeball (shapeshifter) (D:6)
  2 oozes
  5 worms
  6 giant geckos
  179 orcs
  6 hobgoblins
  17 kobolds
  4 quokkas
  36 sheep
  5 ball pythons
  8 bats
  7 giant cockroaches
  A giant gecko skeleton (D:8)
  A giant gecko zombie (D:6)
  8 giant newts
  4 goblins
  6 jackals
  11 rats
  A river rat simulacrum (Lair:7)
  A spectral orc (D:7)
  2 plants
1069 creatures vanquished.

Vanquished Creatures (collateral kills)
  An ugly thing (D:14)
  A spiny frog (Lair:3)
  The ghost of attackplan the Shield-Bearer, a novice HOFi of Cheibriados (D:4)
  A gargoyle (D:10)
  4 yaks
  2 insubstantial wisps (Lair:4)
  A centaur (D:5)
  2 ogres
  An iguana (D:14)
  An orc priest (Orc:2)
  A hound (D:4)
  3 river rats (Lair:4)
  An adder (D:7)
  4 orcs (Orc:2)
  A hobgoblin (D:2)
25 creatures vanquished.

Vanquished Creatures (others)
  A ghost crab (shapeshifter) (D:15)
  A cyclops (D:14)
  An ugly thing (D:15)
  A ball lightning (Lair:7)
  A porcupine (Lair:6)
  An orc warrior (Orc:4)
  2 ogres (D:15)
  A worm (D:2)
  2 orcs
  47 fungi
  7 plants
65 creatures vanquished.

Grand Total: 1159 creatures vanquished

Action                   |  1- 3 |  4- 6 |  7- 9 | 10-12 | 13-15 | 16-18 || total
-------------------------+-------+-------+-------+-------+-------+-------++-------
Melee: Falchion          |    93 |   138 |   405 |   356 |       |       ||   992
       Whip              |       |    28 |       |       |       |       ||    28
       Scimitar          |       |       |       |  1195 |  1865 |   834 ||  3894
 Fire: Blowgun           |       |       |   169 |   324 |   339 |     6 ||   838
 Cast: Olgreb's Toxic Ra |       |       |       |       |    95 |   151 ||   246
Evoke: Wand              |       |       |     3 |    13 |     5 |     5 ||    26
       Box of beasts     |       |       |       |     2 |     5 |     3 ||    10
       Rod               |       |       |       |       |    19 |     5 ||    24
       Phantom mirror    |       |       |       |       |       |     2 ||     2
       Lamp of fire      |       |       |       |       |       |     1 ||     1
  Use: Scroll            |       |     1 |     9 |    13 |     9 |     7 ||    39
 Stab: Petrifying        |     1 |       |       |     3 |     1 |       ||     5
       Paralysed         |       |     3 |     2 |     7 |     9 |     3 ||    24
       Confused          |       |       |     3 |     6 |     7 |     6 ||    22
       Invisible         |       |       |       |     5 |    36 |       ||    41
       Distracted        |       |       |       |     1 |     2 |     1 ||     4

Vault maps used:
D:1:      lemuel_arrival_broad_hall, minmay_liquid_box
D:2:      kennysheep_big_flooded_room, cheibriados_altar_1,
          corexii_corridor_pit, nicolae_qazlal_eye_of_the_storm, uniq_natasha,
          uniq_sigmund
D:3:      portal_sewer_entry_a, dk_xom_monty_hall
D:4:      minmay_thick_lines, nicolae_tso_swordbearing_angel, serial_shops,
          shop, first_bread
D:5:      kennysheep_mini_moat
D:6:      fedhas_bush_and_centaur_altar
D:7:      yredelemnul_forgotten_temple_becter, overflow_temple_1_default,
          minmay_temple_entry_statues_fountains
D:8:      kennysheep_mini, uniq_erolcha, uniq_gastronok
D:9:      kennysheep_orc_monster_closet_entryway, uniq_erica
D:10:     serial_co_window_serial, co_window_paths_a,
          co_window_of_opportunity_a, co_window_corner_a, co_window_paths_b,
          co_window_paths_a, co_window_corner_a, co_window_of_opportunity_a,
          co_window_paths_a, co_window_paths_a, co_window_2corner,
          co_window_broadway_a, co_window_of_opportunity_b, co_window_paths_c,
          co_window_corner_b, co_window_broadway_a, glass_columns_a
D:11:     dpeg_oklobed_lair, hangedman_fish_farm, minivault_16,
          amethyst_killhole, uniq_grum, uniq_josephine, uniq_nergalle,
          uniq_psyche
D:12:     bloody_makhleb, uniq_urug
D:13:     lemuel_centaur_altar
D:14:     david_vaults_3, serial_shops, nicolae_shop_trees,
          minmay_misc_feat_more_columns, eino_small_chamber_without_monster,
          st_stairs_9, kennysheep_small_spiral
D:15:     grunt_enter_depths_giant_problem
Lair:1:   grunt_megastairs_3
Lair:2:   minivault_25
Lair:3:   st_stairs_12
Lair:4:   minmay_swamp_entry_wisps, minmay_lair_drake_nest
Lair:5:   pond
Lair:6:   spider_nest_entry_rubble, grunt_megastairs_2, lemuel_fruit_fields
Lair:7:   slime_altar_1, eino_house_with_fridge
Lair:8:   evil_forest
Orc:1:    serial_shops, shop, shop
Orc:2:    mines3_lemuel, uniq_sonja
Orc:3:    serial_shops, shop, nicolae_orc_pool_cavern
Orc:4:    grunt_orc_community_town_hall, grunt_orc_community_big_house_2,
          grunt_orc_community_big_house_2, grunt_orc_community_house_3,
          grunt_orc_community_house_2, grunt_orc_community_house_2,
          grunt_orc_community_house_3, grunt_orc_community_house_2, uniq_snorg,
          uniq_rupert, uniq_nessos
